 Dungeon Crawl Stone Soup version 0.29.1-1-gd02db6906a (webtiles) character file.

Game seed: 7004313154880777595

61 Theotherone the Chopper (level 3, -1/31 HPs)
             Began as a Minotaur Fighter on Oct 9, 2022.
             Slain by an orc wizard
             ... wielding a +0 dagger
              (3 damage)
             ... on level 3 of the Dungeon.
             The game lasted 00:08:08 (1993 turns).

Theotherone the Chopper (Minotaur Fighter)          Turns: 1993, Time: 00:08:09

Health: -1/31      AC:  6    Str: 22    XL:     3   Next: 83%
Magic:  2/2        EV:  9    Int:  5    God:
Gold:   106        SH:  4    Dex:  9    Spells: 2/2 levels left

rFire   . . .      SeeInvis .   a - +0 war axe
rCold   . . .      Faith    .   c - +0 buckler
rNeg    . . .      Spirit   .   b - +0 scale mail
rPois   .          Reflect  .   (helmet restricted)
rElec   .          Harm     .   (no cloak)
rCorr   .          Rampage  .   (no gloves)
Will    .....                   (no boots)
Stlth   ..........              (no amulet)
HPRegen 0.10/turn               (no ring)
MPRegen 0.08/turn               (no ring)

@: no status effects
A: horns 2, retaliatory headbutt
a: no special abilities


You were on level 3 of the Dungeon.
You visited 1 branch of the dungeon, and saw 3 of its levels.

You collected 106 gold pieces.

Inventory:

Hand Weapons
 a - a +0 war axe (weapon)
Armour
 b - a +0 scale mail (worn)
 c - a +0 buckler (worn)
Jewellery
 j - a +6 ring of intelligence
Scrolls
 f - a scroll of amnesia {unknown}
 g - 4 scrolls of identify {unknown}
 h - a scroll of fog {unknown}
 i - a scroll of teleportation {unknown}
 m - a scroll of noise {unknown}
Potions
 d - a potion of might
 e - 3 potions of heal wounds {unknown}
 k - 2 potions of cancellation {unknown}
 l - a potion of degeneration {unknown}


   Skills:
 - Level 3.6 Fighting
 + Level 5.1 Axes
 - Level 3.6 Armour
 - Level 3.6 Shields


You had 2 spell levels left.
You didn't know any spells.
Your spell library contained the following spells:

 Spells                   Type           Power      Damage    Failure   Level
 Slow                     Hex            0%         N/A       88%         1
 Confusing Touch          Hex            0%         N/A       99%         3
 Vampiric Draining        Necr           0%         2d6       99%         3


Dungeon Overview and Level Annotations

Branches:
Dungeon (3/15)

Altars:
Nemelex Xobeh


Innate Abilities, Weirdness & Mutations

You have a pair of horns on your head.
You reflexively headbutt those who attack you in melee.


Message History

You barely miss the orc. Your headbutt misses the orc.
You slash the orc wizard!
The orc wizard hits you with a +0 dagger.
The orc hits you with a +0 short sword. You block the orc's attack.
The orc hits you but does no damage. The orc hits you with a +0 short sword.
The orc wizard hits you but does no damage.
You hit the orc.
The orc is heavily wounded.
You slash the orc!
You kill the orc!
You hit the orc. You barely miss the orc wizard. The orc barely misses you.
The orc hits you but does no damage.
The orc wizard hits you with a +0 dagger.
You slash the orc!
You kill the orc!
You hit the orc. You closely miss the orc wizard.
The orc wizard barely misses you. The orc hits you with a +0 club.
* * * LOW HITPOINT WARNING * * *
The orc attacks as you move away! The orc barely misses you.
The orc wizard hits you but does no damage.
Things that are here:
a +0 short sword; a +0 leather armour You barely miss the orc.
You headbutt the orc.
You kill the orc!
You barely miss the orc wizard.
The orc wizard hits you with a +0 dagger.
* * * LOW HITPOINT WARNING * * *
The orc wizard misses you. You furiously retaliate!
You headbutt the orc wizard, but do no damage.
The orc wizard hits you but does no damage.
You see here a +0 club.
You closely miss the orc wizard. You headbutt the orc wizard.
The orc wizard is almost dead.
The orc wizard gestures at you while chanting.
The magic dart hits you.
* * * LOW HITPOINT WARNING * * *
You barely miss the orc wizard. Your headbutt misses the orc wizard.
The orc wizard is almost dead.
The orc wizard hits you with a +0 dagger.
You die...

.......... ........#
##..#...... .......#
...# ...... .......#
..... .#...# #......#
....## #....##[....#
###.# #.........# # .#
#......# # #.#....# #
#.#@..#####
###+###+#+#+##.#o#......
##...........#.)).##....
##............#....+ ...
##............#...## ..
# #.###.......#.#./. .
###.#####.#####.#.#...
#.............#...##..
#.#.#####...#.##### ..


You could see an orc wizard.

Vanquished Creatures
  An adder (D:3)
  3 worms (D:2)
  3 orcs (D:3)
  4 endoplasms
  A giant cockroach (D:2)
  2 goblins (D:2)
  6 hobgoblins
  3 quokkas (D:1)
  2 ball pythons
  3 bats
  3 frilled lizards (D:1)
  2 kobolds (D:2)
  7 rats
40 creatures vanquished.

Notes
Turn   | Place    | Note
-------+----------+-------------------------------------------
     0 | D:1      | Theotherone the Minotaur Fighter began the quest for the
                  | Orb.
     0 | D:1      | Reached XP level 1. HP: 19/19 MP: 0/0
   127 | D:1      | Reached skill level 3 in Axes
   170 | D:1      | Reached XP level 2. HP: 26/26 MP: 1/1
   971 | D:2      | Reached skill level 4 in Axes
   973 | D:2      | Found a sparkling altar of Nemelex Xobeh.
  1334 | D:2      | Reached XP level 3. HP: 29/31 MP: 2/2
  1364 | D:2      | Found a faded altar of an unknown god.
  1978 | D:3      | Reached skill level 5 in Axes
  1993 | D:3      | Slain by an orc wizard

Illustrated notes

Levels and vault maps discovered:
D:1:      dpeg_arrival_central, layout_basic, minmay_misc_feat_room,
          minmay_misc_feat_alley, minmay_misc_feat_pillars
D:2:      minmay_wonky_spiral, layout_basic,
          shapermc_ecumenical_altar_starsandcircs, serial_glass,
          glass_columns_a, glass_columns_c, item_on_display_a, basic_altar,
          minmay_liquid_box
D:3:      layout_basic

Skill      XL: |  1  2  3 |
---------------+----------+-----
Axes           | 3 4 5 |  5.1
Fighting       | |  3.6
Armour         | |  3.6
Shields        | |  3.6

Action                   || total
-------------------------++-------
Melee: War axe           ||    84
       Headbutt          ||     7
Armor: Scale mail        ||    32
Dodge: Dodged            ||    38
Block: Buckler           ||    22
